 Dungeon Crawl Stone Soup version 0.31-a0-150-g89dc3ad700 (webtiles) character file.

Game seed: 8891328363385066599

92490 TittyCrusher the Devastator (level 15, 97/97 HPs)
             Began as a Deep Elf Venom Mage on June 2, 2023.
             Was a High Priest of Vehumet.
             Quit the game on level 1 of the Shoals on June 8, 2023.
             The game lasted 01:31:16 (27912 turns).

TittyCrusher the Devastator (Deep Elf Venom Mage)  Turns: 27912, Time: 01:31:16

Health: 97/97      AC: 18    Str: 10 (11) XL:     15   Next: 58%
Magic:  31/31      EV: 19    Int: 38 (39) God:    Vehumet [*****.]
Gold:   1387       SH:  8    Dex: 15      Spells: 1/34 levels left

rFire   . . .        a - +8 sling of Melee {elec, Will+ Int+2}
rCold   + . .        Z - +2 buckler
rNeg    . . .        N - +2 troll leather armour {Snorg}
rPois   +            C - +2 helmet {Int+3}
rElec   .            E - +2 cloak
rCorr   .            H - +2 pair of gloves
SInv    .            p - +2 pair of boots
Will    ++...        X - amulet of regeneration
Stlth   ++           V - +6 ring of strength
HPRegen 1.96/turn    J - +6 ring of intelligence
MPRegen 0.22/turn

%: no passive effects
@: no status effects
A: cold resistance 1, deterioration 1, poison resistance, inability to drink
after injury 1
a: Renounce Religion


You were on level 1 of the Shoals.
You worshipped Vehumet.
Vehumet was extremely pleased with you.
You visited 3 branches of the dungeon, and saw 21 of its levels.
You also visited: Sewer and Volcano.

You collected 1559 gold pieces.
You spent 172 gold pieces at shops.

Inventory:

Hand Weapons
 a - the +8 sling of Melee (weapon) {elec, Will+ Int+2}
   (You found it on level 5 of the Lair of Beasts)

   Int:       It affects your intelligence (+2).
   Will:      It increases your willpower.
 b - the +7 long sword of Bodily Humours {protect, Dex+4}
   (You found it on level 5 of the Lair of Beasts)

   Dex:       It affects your dexterity (+4).
Missiles
 y - 2 throwing nets
Armour
 p - a +2 pair of boots (worn)
 B - a +2 hat of willpower
 C - a +2 helmet of intelligence (worn)
 E - a +2 cloak (worn)
 H - a +2 pair of gloves (worn)
 L - a +0 leather armour of cold resistance
 N - a +2 troll leather armour (worn) {Snorg}
 S - a +1 leather armour of fire resistance
 Z - a +2 buckler (worn)
Jewellery
 h - a ring of ice
 i - a ring of positive energy
 m - the amulet of Elemental Vulnerability {rPois rF-- rC-- AC+8}
   (You found it on level 1 of the Lair of Beasts)

   [amulet of nothing]

   AC:        It affects your AC (+8).
   rF:        It makes you very vulnerable to fire.
   rC:        It makes you very vulnerable to cold.
   rPois:     It protects you from poison.
 o - a ring of fire
 A - the ring "Jeoveum" {rPois rCorr Str-3 Dex+5}
   (You found it on level 4 of the Lair of Beasts)

   [ring of resist corrosion]

   Str:       It affects your strength (-3).
   Dex:       It affects your dexterity (+5).
   rPois:     It protects you from poison.
   rCorr:     It protects you from acid and corrosion.
 J - a +6 ring of intelligence (right hand)
 M - a ring of resist corrosion
 Q - a ring of flight
 V - a +6 ring of strength (left hand)
 X - an amulet of regeneration (around neck)
Wands
 d - a wand of polymorph (2)
 q - a wand of flame (61)
 v - a wand of roots (8)
 D - a wand of paralysis (24)
 Y - a wand of mindburst (2)
Scrolls
 f - 7 scrolls of teleportation
 k - 2 scrolls of brand weapon
 n - 9 scrolls of vulnerability
 r - 6 scrolls of poison
 x - 5 scrolls of immolation
 I - 2 scrolls of blinking
 O - 3 scrolls of silence
 R - 4 scrolls of identify
 U - 3 scrolls of fear
 W - a scroll of fog
Potions
 c - 2 potions of heal wounds
 e - 6 potions of ambrosia
 g - 3 potions of resistance
 j - 6 potions of attraction
 l - 4 potions of mutation
 s - 4 potions of magic
 t - a potion of brilliance
 u - 2 potions of curing
 w - 3 potions of lignification
 z - 2 potions of berserk rage
 F - 3 potions of haste
 G - 4 potions of might
 P - a potion of invisibility {unknown}
 T - 2 potions of enlightenment {unknown}


   Skills:
 - Level 12.3 Fighting
 - Level 15.2 Dodging
 - Level 2.7 Stealth
 - Level 6.3 Shields
 - Level 10.0 Spellcasting
 - Level 15.5 Conjurations
 - Level 2.2 Transmutations
 + Level 9.3 Fire Magic
 - Level 7.5 Ice Magic
 - Level 8.3 Air Magic
 - Level 6.5 Poison Magic


You had one spell level left.
You knew the following spells:

 Your Spells              Type           Power      Damage    Failure   Level
a - Arcjolt               Conj/Air       41%        1d51      1%          5
b - Starburst             Conj/Fire      42%        6d12      1%          6
c - Mephitic Cloud        Conj/Pois/Air  77%        N/A       1%          3
d - Frozen Ramparts       Ice            100%       1d16      1%          3
e - Freezing Cloud        Conj/Ice/Air   39%        6-21      1%          5
f - Airstrike             Air            35%        2d(5-21)  1%          4
g - Swiftness             Air            70%        N/A       1%          3
h - Iskenderun's Mystic   Conj/Tloc      67%        2d14      1%          4

Your spell library contained the following spells:

 Spells                   Type           Power      Damage    Failure   Level
 Beastly Appendage        Tmut           72%        N/A       1%          1
 Freeze                   Ice            100%       1d10      1%          1
 Shock                    Conj/Air       100%       1d9       1%          1
 Sting                    Tmut/Pois      100%       1d8       1%          1
 Cigotuvi's Dreadful Rot  Necr/Pois/Air  100%       N/A       1%          2
 Poisonous Vapours        Pois/Air       100%       N/A       1%          2
 Hailstorm                Conj/Ice       82%        3d17      1%          3
 Ozocubu's Armour         Ice            66%        N/A       1%          3
 Spider Form              Tmut/Pois      51%        N/A       1%          3
 Olgreb's Toxic Radiance  Pois           62%        N/A       1%          4
 Wereblood                Tmut           36%        N/A       2%          2
 Ice Form                 Ice/Tmut       54%        N/A       5%          4
 Lesser Beckoning         Tloc           38%        N/A       6%          2
 Summon Ice Beast         Ice/Summ       47%        N/A       9%          4
 Gell's Gravitas          Tloc           19%        N/A       12%         3
 Teleport Other           Tloc           19%        N/A       12%         3
 Dispel Undead            Necr           19%        3d11      36%         4
 Ozocubu's Refrigeration  Ice            33%        4d14      36%         7
 Death Channel            Necr           9%         N/A       99%         6


Dungeon Overview and Level Annotations

Branches:
Dungeon (15/15)            Temple (0/1) D:4            Lair (5/5) D:9
 Shoals (1/4) Lair:2       Spider (0/4) Lair:3        Slime (0/5) Lair:4
    Orc (0/2) D:12         Vaults (0/5) D:14         Depths (0/4) D:15
  Sewer (visited)         Volcano (visited)

Altars:
Fedhas
Gozag
Nemelex Xobeh
Qazlal
Ru
Sif Muna
Vehumet
Xom
Jiyva

Shops:
D:1 :   D:5 (   D:8 *   D:14 [

Annotations:
D:14 exclusion: downstairs


Innate Abilities, Weirdness & Mutations

Your flesh is cold resistant. (rC+)
Your body sometimes deteriorates upon taking damage.
Your system is resistant to poisons. (rPois)
You occasionally lose the ability to drink potions when taking damage.


Message History

You climb upwards.
There is a stone staircase leading down, spattered with blood here.
There is a stone staircase leading up here.
You climb upwards.
There is a stone staircase leading down here.
You see here a +0 short sword.
You see here 5 poisoned darts.
There is a stone staircase leading up here.
You climb upwards.
There is a stone staircase leading down here.
There is a stone staircase leading up here.
You climb upwards.
There is a stone staircase leading down here.
There is a stone staircase leading up here.
You climb upwards.
There is a stone staircase leading down here.
You see here a +0 club.
You enter the shallow water.
Moving in this stuff is going to be slow.
There is a staircase to the Lair here.
You climb downwards.
Welcome back to the Lair of Beasts!
There is a staircase back to the Dungeon here.
There is a stone staircase leading down here.
You climb downwards.
There is a stone staircase leading up here.
Things that are here:
a boomerang; a +0 trident
There is a staircase to the Shoals here.
You climb downwards.
Welcome to the Shoals!
This branch is noisy: sounds don't travel as far here.
This branch contains the barnacled rune of Zot.
The snapping turtle hisses angrily.
Found 22 gold pieces.
There is a staircase back to the Lair here.
There are monsters nearby!
Saving game... please wait.
Welcome back, TittyCrusher the Deep Elf Venom Mage.
Vehumet says: Let it end in hellfire!
Press ? for a list of commands and other information.
Are you sure you want to abandon this character and quit the game? (Confirm with "yes".)

~... .~.......
~...##.....l...
......#.$......
~~~~~.#........
~.~~~..........
..~~~~.........
.~~~~~.........
..~....@..H....
.............~~
...............
...............
##~~....~t.....
#......~~~~....
....~.~~~H~....
.~~~~~~~~~~....


You could see a skyshark (asleep), a snapping turtle and 2 manticores.

Vanquished Creatures
  Jorgrun (D:15)
  Gastronok (Lair:1)
  Snorg (D:11)
  3 ettins (D:15)
  The ghost of jasper the Spry, a journeyman SpSu of Gozag (Lair:2)
  4 hydras
  An ogre mage (D:15)
  Fannar (D:11)
  4 centaur warriors
  4 catoblepae (Lair:5)
  8 two-headed ogres
  3 boulder beetles
  2 tengu warriors (D:15)
  15 death yaks
  The ghost of xian the Trooper, a novice OgBe of Trog (D:8)
  Nergalle (D:12)
  A skyshark (Lair:3)
  3 wizards
  A deep elf zephyrmancer (D:15)
  2 necromancers
  2 orc knights
  4 deep elf pyromancers
  An orc sorcerer (D:15)
  3 cyclopes
  5 manticores
  9 ugly things
  A wolf spider (D:15)
  2 merfolk sirens (Lair:2)
  7 elephants
  6 black mambas
  9 cane toads
  A torpor snail (Lair:3)
  An unseen horror (D:12)
  7 rime drakes
  2 kobold demonologists (D:11)
  14 komodo dragons
  A tengu conjurer (D:15)
  7 trolls
  A tarantella (shapeshifter) (D:15)
  3 meliai (D:14)
  2 merfolk (Lair:2)
  A queen bee (D:8)
  3 hornets
  Prince Ribbit (D:7)
  3 blink frogs (Lair:5)
  6 polar bears
  13 slime creatures
  A spriggan (shapeshifter) (D:14)
  Sigmund (D:2)
  A wraith (D:11)
  A vampire (D:12)
  A water elemental (D:15)
  A shadow (D:11)
  3 wyverns
  A human (D:12)
  85 yaks
  3 hogs (D:12)
  3 redbacks (Lair:3)
  3 vampire mosquitoes (D:12)
  22 water moccasins
  2 acid dragons
  A sky beast (D:7)
  A sky beast (shapeshifter) (D:15)
  11 black bears
  8 orc warriors
  31 wolves
  3 ogres
  5 centaurs
  6 kobold brigands
  10 bullfrogs
  A scorpion (D:6)
  8 wights
  13 killer bees
  7 electric eels
  2 howler monkeys (D:8)
  4 hounds
  A jelly (D:7)
  13 orc priests
  A gnoll bouda (D:6)
  Terence (D:2)
  4 iguanas
  A sleepcap (D:6)
  Natasha (thrice) (D:2)
  15 orc wizards
  5 hell rats (Lair:2)
  3 gnolls (D:6)
  14 river rats
  9 adders
  A shadow imp (D:8)
  A white imp (D:7)
  2 ufetubi (D:6)
  2 worms
  A dart slug (D:1)
  41 orcs
  6 ball pythons
  3 endoplasms (D:3)
  4 giant cockroaches
  5 goblins
  4 hobgoblins
  6 jackals
  22 kobolds
  4 quokkas
  3 bats (D:1)
  3 frilled lizards (D:3)
  24 rats
614 creatures vanquished.

Notes
Turn   | Place    | Note
-------+----------+-------------------------------------------
     0 | D:1      | TittyCrusher the Deep Elf Venom Mage began the quest for
                  | the Orb.
     0 | D:1      | Reached XP level 1. HP: 10/10 MP: 6/6
   255 | D:1      | Reached XP level 2. HP: 15/15 MP: 1/8
   408 | D:1      | Learned a level 2 spell: Poisonous Vapours
   588 | D:1      | Found Eluamp's Book Boutique.
   894 | D:2      | Noticed Terence
  1053 | D:2      | Noticed Sigmund
  1160 | D:2      | Killed Terence
  1161 | D:2      | Reached XP level 3. HP: 10/19 MP: 1/9
  1166 | D:2      | Learned a level 3 spell: Mephitic Cloud
  1359 | D:2      | Killed Sigmund
  1360 | D:2      | Reached XP level 4. HP: 24/24 MP: 2/10
  1360 | D:2      | Reached XP level 5. HP: 28/28 MP: 2/11
  1653 | D:2      | Noticed Natasha
  1663 | D:2      | Killed Natasha
  1762 | D:2      | Noticed Natasha
  1775 | D:2      | Killed Natasha
  1776 | D:2      | Reached skill level 1 in Air Magic
  1954 | D:2      | Noticed Natasha
  1959 | D:2      | Killed Natasha
  1960 | D:2      | Reached XP level 6. HP: 32/32 MP: 4/12
  2117 | D:3      | Learned a level 3 spell: Frozen Ramparts
  2158 | D:3      | Reached skill level 1 in Ice Magic
  2276 | D:3      | Found a faded altar of an unknown god.
  2770 | D:3      | You fall into a shaft and drop 1 floor!
  3083 | D:4      | Found a blossoming altar of Fedhas.
  3095 | D:4      | Found a radiant altar of Vehumet.
  3096 | D:4      | Found a sacrificial altar of Ru.
  3102 | D:4      | Became a worshipper of Vehumet
  3176 | D:4      | Found a staircase to the Ecumenical Temple.
  4007 | D:5      | Entered Level 5 of the Dungeon
  4023 | D:5      | Noticed a water moccasin
  4035 | D:5      | Killed a water moccasin
  4036 | D:5      | Reached XP level 7. HP: 28/36 MP: 3/13
  4478 | D:5      | Reached skill level 5 in Ice Magic
  4642 | D:5      | Found Vumostri's Antique Weapon Boutique.
  5197 | D:6      | Found a glowing drain.
  5304 | Sewer    | Entered a sewer
  5489 | Sewer    | Reached * piety under Vehumet
  5489 | Sewer    | Offered knowledge of Foxfire by Vehumet.
  5651 | Sewer    | Learned a level 5 spell: Freezing Cloud
  5712 | Sewer    | Reached skill level 1 in Conjurations
  5713 | Sewer    | Reached XP level 8. HP: 41/41 MP: 11/16
  5960 | Sewer    | Reached ** piety under Vehumet
  5960 | Sewer    | Offered knowledge of Searing Ray by Vehumet.
  6012 | Sewer    | Gained mutation: Your body sometimes deteriorates upon
                  | taking damage. [potion of mutation]
  6012 | Sewer    | Gained mutation: Your system is resistant to poisons.
                  | (rPois) [potion of mutation]
  6012 | Sewer    | Gained mutation: You occasionally lose the ability to drink
                  | potions when taking damage. [potion of mutation]
  6012 | Sewer    | Gained mutation: Your flesh is cold resistant. (rC+)
                  | [potion of mutation]
  6366 | D:6      | Reached skill level 5 in Conjurations
  6488 | D:6      | Reached skill level 5 in Air Magic
  6585 | D:6      | Found a sparkling altar of Nemelex Xobeh.
  7132 | D:6      | Reached XP level 9. HP: 38/45 MP: 12/17
  7324 | D:7      | Noticed Prince Ribbit
  7335 | D:7      | Killed Prince Ribbit
  7584 | D:7      | Offered knowledge of Static Discharge by Vehumet.
  8008 | D:7      | Reached *** piety under Vehumet
  8063 | D:7      | Found an opulent altar of Gozag.
  8474 | D:8      | Found a transporter.
  8479 | D:8      | Found a transporter.
  8480 | D:8      | Noticed a queen bee
  8480 | D:8      | Noticed xian's ghost (novice OgBe)
  8667 | D:8      | Reached skill level 5 in Spellcasting
  8674 | D:8      | Offered knowledge of Dazzling Flash by Vehumet.
  8824 | D:8      | Reached XP level 10. HP: 30/50 MP: 14/19
  9060 | D:8      | Found Ulaf Zugeu's Serpentskin Sales.
  9202 | D:8      | Reached skill level 5 in Dodging
  9371 | D:8      | Learned a level 4 spell: Airstrike
  9557 | D:9      | Reached **** piety under Vehumet
  9571 | D:9      | Offered knowledge of Sticky Flame by Vehumet.
  9724 | D:9      | Reached skill level 10 in Dodging
  9810 | D:9      | Found a staircase to the Lair.
 10592 | Lair:1   | Entered Level 1 of the Lair of Beasts
 10592 | Lair:1   | Noticed Gastronok
 10606 | Lair:1   | Killed Gastronok
 10607 | Lair:1   | Reached XP level 11. HP: 54/54 MP: 9/20
 11078 | Lair:1   | Reached ***** piety under Vehumet
 11121 | Lair:1   | Found the amulet of Elemental Vulnerability {rPois rF--
                  | rC-- AC+8}
 11253 | Lair:1   | Learned a level 3 spell: Swiftness
 11290 | Lair:1   | Upgraded the game from 0.31-a0-128-g25add195a6 to
                  | 0.31-a0-133-gaae73658be
 11483 | Lair:1   | Offered knowledge of Iskenderun's Mystic Blast by Vehumet.
 11492 | Lair:1   | Learned a level 4 spell: Iskenderun's Mystic Blast
 11746 | Lair:1   | Reached skill level 1 in Fighting
 11903 | Lair:1   | Reached skill level 5 in Fighting
 12459 | Lair:2   | Noticed a four-headed hydra
 12459 | Lair:2   | Found a large runed translucent door.
 12459 | Lair:2   | Found a large runed translucent door.
 12472 | Lair:2   | Killed a four-headed hydra
 12473 | Lair:2   | Reached XP level 12. HP: 31/72 MP: 13/27
 12616 | Lair:2   | Noticed jasper's ghost (journeyman SpSu)
 13481 | Lair:2   | Found a staircase to the Shoals.
 13488 | Lair:2   | Reached skill level 10 in Fighting
 13488 | Lair:2   | Noticed a five-headed hydra
 13498 | Lair:2   | Killed a five-headed hydra
 13998 | Lair:3   | Found a hole to the Spider Nest.
 14499 | Lair:3   | Offered knowledge of Conjure Ball Lightning by Vehumet.
 15451 | Lair:3   | Reached XP level 13. HP: 87/87 MP: 20/28
 15710 | Lair:4   | Identified the ring "Jeoveum" {rPois rCorr Str-3 Dex+5}
 15767 | Lair:4   | Reached skill level 10 in Conjurations
 15804 | Lair:4   | Found a dark tunnel.
 15809 | Volcano  | Entered a volcano
 15926 | Lair:4   | Found a staircase to the Slime Pits.
 15927 | Lair:4   | Found a viscous altar of Jiyva.
 16876 | Lair:5   | Entered Level 5 of the Lair of Beasts
 16949 | Lair:5   | Reached skill level 15 in Dodging
 17065 | Lair:5   | Offered knowledge of Arcjolt by Vehumet.
 17074 | Lair:5   | Learned a level 5 spell: Arcjolt
 17206 | Lair:5   | Identified the +7 long sword of Bodily Humours {protect,
                  | Dex+4}
 17459 | Lair:5   | Reached skill level 1 in Shields
 18260 | Lair:5   | Reached XP level 14. HP: 76/92 MP: 23/29
 18292 | Lair:5   | Reached skill level 5 in Shields
 19283 | Lair:5   | Identified the +8 sling of Melee {elec, Will+ Int+2}
 19697 | D:8      | Killed xian's ghost
 20003 | Lair:2   | Killed jasper's ghost
 20143 | D:10     | Entered Level 10 of the Dungeon
 20240 | D:10     | Found a stormy altar of Qazlal.
 20970 | D:11     | Offered knowledge of Leda's Unmaking by Vehumet.
 21166 | D:11     | Found a shimmering blue altar of Sif Muna.
 21733 | D:11     | Noticed Snorg
 21739 | D:11     | Killed Snorg
 21878 | D:11     | Noticed Fannar
 21914 | D:11     | Killed Fannar
 22138 | D:12     | Noticed Nergalle
 22144 | D:12     | Killed Nergalle
 22415 | D:12     | Found a gate leading to a gauntlet.
 22712 | D:12     | Found a staircase to the Orcish Mines.
 23626 | D:13     | Found a blossoming altar of Fedhas.
 24526 | D:13     | Reached skill level 15 in Conjurations
 24905 | D:14     | Found a shimmering altar of Xom.
 24906 | D:14     | Found a shimmering altar of Xom.
 24909 | D:14     | Found a shimmering altar of Xom.
 25066 | D:14     | Found Xahohugh's Antique Armour Boutique.
 25142 | D:14     | Bought a pair of glowing gloves for 172 gold pieces
 25263 | D:14     | Identified the +3 chain mail of Xiocur {rF+ rN+}
 25304 | D:14     | Reached XP level 15. HP: 97/97 MP: 21/30
 25484 | D:14     | Identified the +6 quarterstaff of a treasure trove {elec,
                  | rN+++ MP+9 Str-3 SInv}
 25551 | D:14     | Offered knowledge of Starburst by Vehumet.
 25552 | D:14     | Reached skill level 10 in Spellcasting
 25559 | D:14     | Learned a level 6 spell: Starburst
 25641 | D:14     | Reached skill level 1 in Fire Magic
 25789 | D:14     | Found a gate to the Vaults.
 25915 | D:15     | Entered Level 15 of the Dungeon
 26201 | D:15     | Reached skill level 5 in Fire Magic
 26240 | D:15     | Noticed Jorgrun
 26249 | D:15     | Killed Jorgrun
 27254 | D:15     | Found a staircase to the Depths.
 27624 | D:15     | Found the +12 pair of quick blades "Gyre" and "Gimble"
                  | {protect}
 27633 | D:15     | Upgraded the game from 0.31-a0-133-gaae73658be to
                  | 0.31-a0-145-g046c7d2549
 27911 | Shoals:1 | Entered Level 1 of the Shoals
 27912 | Shoals:1 | Upgraded the game from 0.31-a0-145-g046c7d2549 to
                  | 0.31-a0-150-g89dc3ad700
 27912 | Shoals:1 | Quit the game

Illustrated notes

Levels and vault maps discovered:
D:1:      roderic_crossed_star, layout_basic, serial_shops, nicolae_shop_crystal
D:2:      layout_rooms, uniq_terence, uniq_sigmund, uniq_natasha
D:3:      layout_basic, basic_ecumenical_altar, minmay_fountain_box
D:4:      layout_basic, grunt_temple_overflow_open,
          minmay_temple_entry_glassed_door, roderic_three_in_a_row
D:5:      layout_cave_pools, nicolae_stop_n_shop_2,
          chequers_serial_rivers_micro_e, roderic_lattice_a, solitary_fountain,
          water_maze_lemuel
D:6:      layout_basic, nemelex_diamond_rough_becter, portal_sewer_entry_c
D:7:      layout_basic, nicolae_gozag_cash_rules_everything_around_me,
          reono_crystal_passage, uniq_prince_ribbit1
D:8:      layout_loops_ring, gammafunk_ghost_hive, guppyfry_shop_venom
D:9:      layout_roguey, erik_lair_island
D:10:     layout_basic, grunt_qazlal_clouds, minmay_misc_feat_diagonals
D:11:     layout_irregular_city, lemuel_blue_sif_altar, uniq_snorg, uniq_fannar
D:12:     layout_loops_ring, orc_0_dummy, gauntlet_entry_generic,
          grunt_livestock, uniq_nergalle
D:13:     layout_basic, fedhas_ov_isle_minmay
D:14:     layout_cross, david_vaults_1, serial_column_ruins,
          column_ruins_corridor_straight, column_ruins_open_medium_water,
          column_ruins_open_tiny, column_ruins_grid_1, column_ruins_corridor_T,
          minmay_misc_feat_alley, serial_shops, shop, xom_redecorated
D:15:     hangedman_depths_entry_civil_slaughter, layout_long_grid,
          serial_bayou_lagoon_a, hellmonk_guarded_unrand_gyre_and_gimble,
          uniq_jorgrun
Lair:1:   beast_lair_carwin_large_3, layout_cave_pods, uniq_gastronok
Lair:2:   layout_regular_city, elwin_shoals_entry_stream,
          ebering_ghost_disaster_area, kennysheep_abandoned_house,
          lemuel_fruit_tree
Lair:3:   layout_gridlike, spider_nest_entry_a, chequers_serial_rivers_micro_e,
          grunt_forest_large_clearings
Lair:4:   layout_regular_city, slime_entry_1, enter_volcano_4
Lair:5:   evilmike_catoblepas_cave, layout_regular_city,
          pdpol_lair_cavern_descent, grunt_megastairs_4,
          infiniplex_staircase_pool
Shoals:1: layout_shoals, nicolae_shoals_wave_tunnel

Skill      XL: |  1  2  3  4  5  6  7  8  9 10 11 12 13 14 15 |
---------------+----------------------------------------------+-----
Poison Magic   | 4 6 |  6.5
Transmutations | 2 |  2.2
Air Magic      | 1 2 5 7 8 |  8.3
Ice Magic      | 4 6 7 |  7.5
Spellcasting   | 4 5 9 10 | 10.0
Conjurations   | 2 5 8 9 11 15 | 15.5
Dodging        | 3 11 13 15 | 15.2
Fighting       | 7 12 | 12.3
Shields        | 4 6 |  6.3
Fire Magic     | 9 |  9.3
Stealth        | |  2.7

Action                     |  1- 3 |  4- 6 |  7- 9 | 10-12 | 13-15 || total
---------------------------+-------+-------+-------+-------+-------++-------
  Melee: Hand axe          |     3 |       |       |       |       ||     3
         Whip              |     2 |       |       |       |       ||     2
         Mace              |       |    30 |    19 |    29 |     9 ||    87
         Long sword        |       |       |       |       |    27 ||    27
   Fire: Sling             |       |       |       |       |    19 ||    19
  Throw: Stone             |       |     2 |     5 |     1 |       ||     8
   Cast: Sting             |    28 |    68 |    74 |    57 |     7 ||   234
         Poisonous Vapours |     7 |     5 |     7 |       |       ||    19
         Mephitic Cloud    |     1 |    11 |     1 |     8 |     1 ||    22
         Frozen Ramparts   |       |     1 |    53 |    58 |    51 ||   163
         Freezing Cloud    |       |       |     5 |    77 |   170 ||   252
         Airstrike         |       |       |       |     7 |   113 ||   120
         Swiftness         |       |       |       |     1 |     4 ||     5
         Arcjolt           |       |       |       |       |     2 ||     2
         Starburst         |       |       |       |       |     2 ||     2
  Evoke: Wand              |       |     1 |       |    15 |    10 ||    26
    Use: Scroll            |       |     9 |    10 |     7 |     8 ||    34
         Potion            |       |     2 |     2 |     1 |     3 ||     8
   Stab: Confused          |       |     3 |       |       |       ||     3
         Sleeping          |       |       |     1 |       |       ||     1
 Armour: Robe              |     7 |    10 |    38 |       |       ||    55
         Skin              |       |    15 |       |       |       ||    15
         Leather armour    |       |       |     1 |    51 |    29 ||    81
         Troll leather arm |       |       |       |       |    20 ||    20
  Dodge: Dodged            |    23 |    21 |    59 |   102 |   107 ||   312
  Block: Buckler           |       |       |       |       |    61 ||    61

Table legend: (Time is in decaauts)
 A = Elapsed time spent in this place.
 B = Non-inter-level travel time spent in this place.
 C = Inter-level travel time spent in this place.
 D = Time resting spent in this place.
 E = Time spent auto-exploring this place.
 F = Levels seen in this place.
 G = Mean time per level.
                   A        B        C        D        E       F      G
               +--------+--------+--------+--------+--------+-----+--------+
         Total |  28016 |  26403 |   1613 |   4802 |  16397 |  23 | 1218.1 |
       Dungeon |  17990 |  16906 |   1084 |   2871 |  11078 |  15 | 1199.3 |
          Lair |   9269 |   8741 |    528 |   1684 |   5125 |   5 | 1853.8 |
        Shoals |      0 |      0 |      0 |      0 |      0 |   1 |    0.0 |
         Sewer |    749 |    749 |      0 |    246 |    193 |   1 |  749.0 |
       Volcano |      6 |      6 |      0 |      0 |      0 |   1 |    6.0 |
               +--------+--------+--------+--------+--------+-----+--------+

Top non-repeatable levels by time:
  Lair:5: 2476 daAuts
  Lair:1: 2062 daAuts
  Lair:2: 1689 daAuts
    D:15: 1646 daAuts
  Lair:3: 1639 daAuts
    D:13: 1489 daAuts
     D:9: 1450 daAuts
     D:6: 1441 daAuts
  Lair:4: 1401 daAuts
    D:14: 1334 daAuts
     D:8: 1267 daAuts
    D:11: 1264 daAuts
    D:12: 1161 daAuts
     D:4: 1145 daAuts
     D:5: 1108 daAuts
